Map: Orbital Shipyard

Players

HomelessAL - Winner!

  • Race: Terran Terran
  • League: Diamond

Berserk

  • Race: Zerg Zerg
  • League: Gold

VOD

Have the link to the VOD?

Description

Time

  • Played on: Feb. 11, 2016, 11:22 p.m.
  • Length: 14:10
Show
View Real Time Build Order
Export as new Build Order

HomelessAL Terran - Winner!

Build Orders: Banshee Rush 

Get SALT Encoding   

  12  0:01  SCV  
  13  0:13  SCV  
  14  0:18  Supply Depot  
  14  0:25  SCV  
  15  0:40  SCV  
  15  0:42  Barracks  
  16  0:45  Refinery  
  16  0:52  SCV  
  17  1:04  SCV  
  18  1:16  SCV  
  19  1:28  Orbital Command  
  19  1:29  Marine  
  20  1:40  Command Center  
  20  1:50  Marine  
  20  1:51  Supply Depot  
  21  1:55  SCV  
  22  2:05  Refinery  
  22  2:08  Marine  
  23  2:13  SCV  
  24  2:16  Bunker  
  24  2:21  Factory  
  24  2:25  SCV  
  24  2:26  Barracks Reactor  
  25  2:38  SCV  
  26  2:50  SCV  
  27  2:53  Orbital Command  
  27  3:02  Marine x2, SCV  
  30  3:09  Starport  
  30  3:10  Factory Tech Lab  
  30  3:14  SCV  
  30  3:17  Starport  
  30  3:18  SCV  
  32  3:26  SCV  
  33  3:37  SCV  
  33  3:38  SCV  
  35  3:49  SCV  
  35  3:50  SCV  
  35  3:51  Command Center  
  35  3:52  Hellion x2  
  35  3:55  Cloaking Field  
  41  4:00  Banshee  
  44  4:03  SCV  
  44  4:04  SCV  
  44  4:08  Starport Reactor  
  44  4:09  Refinery  
  46  4:22  Supply Depot  
  46  4:28  Liberator, Marine, Hellion x2, SCV x2  
  53  4:40  SCV  
  53  4:43  Banshee  
  53  4:44  SCV  
  53  4:45  Supply Depot, Liberator  
  58  4:50  Marine  
  62  5:02  SCV x2  
  62  5:03  Hellion x2  
  62  5:05  Orbital Command  
  71  5:08  Marine  
  72  5:15  Refinery, SCV x2  
  72  5:20  Liberator  
  74  5:26  Marine  
  75  5:34  SCV x3  
  78  5:36  Hellion x2  
  85  5:43  Supply Depot  
  85  5:45  Marine, Banshee  
  85  5:47  Supply Depot  
  89  5:56  SCV x3  
  89  6:03  Armory  
  89  6:04  Orbital Command  
  89  6:06  Factory  
  89  6:08  Marine, SCV x2, Factory  
  89  6:09  Liberator  
  93  6:13  Liberator  
  92  6:23  SCV x2  
  92  6:25  Hellion x2  
  98  6:26  Marine  
  105  6:36  Supply Depot  
  105  6:38  Supply Depot, SCV x3  
  108  6:47  Supply Depot  
  108  6:50  Factory Tech Lab  
  108  6:52  Factory Reactor  
  108  6:56  SCV  
  108  6:58  Liberator, Marine, SCV x2, Banshee, Refinery  
  108  6:59  Hellion  
  108  7:00  Supply Depot, Hellion  
  119  7:01  Supply Depot  
  119  7:08  Infernal Pre-Igniter  
  119  7:11  SCV x3  
  119  7:12  Liberator  
  119  7:15  Hellion  
  127  7:25  Marine  
  127  7:26  Hellion x2  
  135  7:34  Hellion x2  
  139  7:37  Supply Depot  
  139  7:39  Supply Depot  
  139  7:40  Hellion  
  139  7:41  Supply Depot  
  139  7:42  Banshee  
  144  7:46  SCV x2  
  144  7:47  Refinery, SCV  
  144  7:48  Hellion  
  149  7:53  Liberator  
  149  7:58  Marine  
  149  7:59  Hellion x3  
  149  8:02  Supply Depot  
  149  8:03  Supply Depot, Hellion  
  149  8:05  Terran Vehicle Weapons Level 1  
  158  8:06  Supply Depot, Liberator  
  158  8:08  Armory  
  158  8:09  Hellion  
  163  8:15  Command Center  
  163  8:16  Marine  
  164  8:20  Hellion  
  164  8:21  Hellion  
  164  8:22  Hellion  
  164  8:24  Hellion  
  175  8:28  Supply Depot  
  175  8:29  Supply Depot  
  175  8:31  Supply Depot  
  175  8:32  Hellion  
  177  8:34  Marine  
  177  8:35  Banshee  
  177  8:39  SCV  
  177  8:40  SCV x2  
  184  8:45  Hellion x3  
  184  8:47  Hellion  
  192  8:51  SCV  
  192  8:52  Marine, SCV x2  
  196  8:57  Factory, Terran Vehicle And Ship Armor Level 1  
  196  8:58  Starport  
  196  9:03  Hellion  
  196  9:06  Hellion  
  200  9:35  Starport Tech Lab  
  200  9:40  Starport, Factory Reactor  
  200  9:50  Liberator x2  
  187  10:05  Marine  
  187  10:06  Hellion x5  
  169  10:07  Banshee  
  169  10:08  Banshee  
  176  10:17  Starport Tech Lab  
  176  10:19  Hellion x2  
  172  10:23  Marine  
  172  10:26  Liberator  
  172  10:27  Hellion x2  
  173  10:33  Liberator x2  
  173  10:34  Hellion x3  
  179  10:40  Hellion  
  179  10:41  Marine, Hellion  
  177  10:49  Hellion  
  158  10:58  Marine  
  154  11:06  Hellion x6  
  154  11:07  Terran Vehicle Weapons Level 2  
  154  11:08  Terran Vehicle And Ship Armor Level 2  
  163  11:16  Marine  
  163  11:17  Liberator x5  
  161  11:20  Hellion  
  161  11:21  Command Center  
  160  11:27  Hellion x5  
  160  11:28  Hellion  
  178  11:34  Marine  
  188  11:42  Hellion  
  187  11:50  Hellion x6  
  187  11:52  Marine  
  200  12:00  Liberator  
  194  12:10  Marine  
  195  12:18  Liberator  
  195  12:19  Liberator x3  
  178  12:27  Marine  
  177  12:33  Hellion x4  
  177  12:34  Hellion x3  
  193  12:45  Marine  
  194  12:54  Hellion  
  194  12:55  Fusion Core, Hellion x2  
  192  12:59  Hellion x4  
  200  13:24  Hellion x18  
Show
View Real Time Build Order
Export as new Build Order

Berserk Zerg 

Build Orders: Hatch First 

Get SALT Encoding   

  12  0:01  Drone  
  13  0:12  Overlord  
  13  0:17  Drone  
  14  0:22  Extractor  
  14  0:23  Drone  
  15  0:30  Drone  
  16  0:51  Hatchery  
  16  0:54  Drone  
  17  0:57  Drone  
  17  1:01  Extractor  
  17  1:03  Drone  
  17  1:18  Spawning Pool  
  17  1:20  Drone  
  17  1:24  Drone  
  18  1:28  Drone  
  19  2:05  Queen  
  19  2:06  Queen  
  19  2:07  Drone x4  
  27  2:15  Roach Warren  
  26  2:18  Drone  
  27  2:23  Overlord  
  27  2:53  Lair  
  27  3:04  Extractor  
  27  3:05  Drone x3  
  29  3:14  Drone  
  29  3:15  Drone x2  
  32  3:28  Roach x2  
  32  3:32  Overlord  
  32  3:33  Overlord  
  36  3:40  Overlord  
  36  3:58  Overseer, Hydralisk Den  
  35  4:04  Drone x2  
  35  4:08  Drone x9  
  46  4:10  Overlord  
  46  4:31  Roach x7  
  46  4:33  Lurker Den  
  60  4:44  Extractor  
  59  4:48  Hydralisk x2  
  63  4:57  Hydralisk  
  65  5:00  Hatchery  
  64  5:10  Hydralisk  
  64  5:13  Roach  
  68  5:35  Overseer, Spore Crawler  
  57  5:58  Drone x5  
  57  5:59  Drone x3  
  57  6:02  Pneumatized Carapace  
  65  6:17  Muscular Augments, Evolution Chamber  
  64  6:21  Evolution Chamber  
  63  6:43  Spire  
  63  6:46  Hydralisk  
  64  6:56  Extractor  
  64  6:57  Queen  
  64  6:58  Drone x3  
  74  7:01  Roach x3  
  74  7:22  Zerg Missile Weapons Level 1  
  74  7:29  Overlord  
  74  7:30  Overlord x4  
  74  7:48  Lurker x3  
  77  8:00  Drone x3, Extractor x2  
  77  8:02  Drone  
  77  8:03  Drone x2  
  81  8:13  Corruptor x3  
  87  8:23  Hydralisk  
  87  8:24  Hydralisk x2  
  93  8:28  Roach x2  
  93  8:31  Drone x3  
  100  8:34  Corruptor  
  102  9:15  Ravager  
  103  9:26  Roach x5  
  113  9:31  Overlord  
  113  9:32  Overlord x4  
  113  9:33  Hatchery  
  113  9:36  Zerg Flyer Weapons Level 1  
  113  9:37  Zerg Ground Armor Level 1  
  91  10:00  Corruptor  
  91  10:01  Corruptor x5  
  60  10:17  Roach x6  
  60  10:20  Roach  
  77  10:22  Roach  
  77  10:26  Roach  
  52  11:02  Roach x3  
  52  11:03  Roach x7  
  62  11:07  Overseer  
  60  11:17  Roach x4  
  68  11:54  Roach x6  
  65  12:27  Corruptor x2  
  65  12:28  Corruptor  
  65  13:10  Roach  
  65  13:11  Roach x2  
Tags
 
Add a new tag
Caveats
  • Supply blocks, unpowered buildings, or Contaminate may cause inaccurate times.
  • Supply counts are checked every 10 seconds.